 Dungeon Crawl Stone Soup version 0.31.0-11-ge490571c62 (webtiles) character file.

Game seed: 16609911042589784209

2 Flugkiller the Firebug (level 1, -1/14 HPs)
             Began as a Ghoul Fire Elementalist on Jan 29, 2024.
             Slain by a jackal (2 damage)
             ... on level 1 of the Dungeon.
             The game lasted 00:00:08 (41 turns).

Flugkiller the Firebug (Ghoul Fire Elementalist)      Turns: 41, Time: 00:00:08

Health: -1/14      AC:  2    Str: 11    XL:     1   Next: 30%
Magic:  1/3        EV: 12    Int: 14    God:
Gold:   0          SH:  0    Dex:  9    Spells: 2/3 levels left

rFire   . . .        (no weapon)
rCold   + . .        (no shield)
rNeg    + + +        a - +0 robe
rPois   ∞            (no helmet)
rElec   .            (no cloak)
rCorr   .            (no gloves)
SInv    .            (no boots)
Will    .....        (no amulet)
Stlth   ++           (no ring)
HPRegen 0.00/turn    (no ring)
MPRegen 0.08/turn

%: no passive effects
@: inhibited regen
A: claws 1, cold resistance 1, negative energy resistance 3, inhibited
regeneration, torment resistance 2, devour on kill
a: no special abilities


You were on level 1 of the Dungeon.
You visited 1 branch of the dungeon, and saw 1 of its levels.

Inventory:

Armour
 a - a +0 robe (worn)
Potions
 b - a potion of magic


   Skills:
 - Level 1.7 Dodging
 - Level 2.1 Stealth
 + Level 1.8 Spellcasting
 + Level 0.8 Conjurations
 * Level 2.4 Fire Magic


You had 2 spell levels left.
You knew the following spells:

 Your Spells              Type           Power      Damage    Failure   Level
a - Foxfire               Conj/Fire      20%        2x1d5     12%         1

Your spell library contained the following spells:

 Spells                   Type           Power      Damage    Failure   Level
 Scorch                   Fire           16%        2d5       13%         2
 Inner Flame              Hex/Fire       4%         N/A       41%         3
 Volatile Blastmotes      Fire/Tloc      8%         2d10      41%         3
 Flame Wave               Conj/Fire      5%         2d5       77%         4


Dungeon Overview and Level Annotations

Branches:
Dungeon (1/15) Zot: 5958

Altars:


Innate Abilities, Weirdness & Mutations

You are immune to poison.
You have sharp fingernails.
Your flesh is cold resistant. (rC+)
You are immune to negative energy. (rN+++)
You do not regenerate when monsters are visible.
You are immune to unholy pain and torment.
You thrive by killing the living.


Message History

Welcome, Flugkiller the Ghoul Fire Elementalist.
Are you destined to find the fabulous Orb of Zot, or to die trying?
Press ? for a list of commands and other information.
Found an escape hatch in the floor.
Found a staircase leading out of the dungeon.
You open the large door.
There is a large open door here.
A goblin comes into view. It is wielding a +0 club.
A goblin is nearby!
A goblin is nearby!
Unknown command.
The goblin shouts!
You scratch the goblin.
The goblin is heavily wounded.
A rat comes into view.
The goblin hits you with a +0 club.
The rat squeaks loudly.
You scratch the goblin.
You kill the goblin!
A hobgoblin comes into view.
The hobgoblin shouts!
You hear a bark!
The hobgoblin moves out of view.
You see here a +0 club.
The rat bites you.
A jackal comes into view.
The rat barely misses you. The hobgoblin closely misses you.
The rat misses you.
Found a stone staircase leading down.
The hobgoblin closely misses you.
Unknown command.
Casting: Foxfire (safe; 13% risk of failure)
Confirm with . or Enter, or press ? or * to list all spells.
You miscast Foxfire.
You are very lightly contaminated with residual magic.
Nothing appears to happen.
The hobgoblin closely misses you. The hobgoblin hits you.
A jackal comes into view.
The rat attacks as it pursues you! The rat closely misses you.
The rat attacks as it pursues you! The rat bites you but does no damage.
The hobgoblin closely misses you.
Casting: Foxfire (safe; 13% risk of failure)
Confirm with . or Enter, or press ? or * to list all spells.
You conjure some foxfire!
The rat bites you but does no damage. The hobgoblin hits you.
Casting: Foxfire (safe; 13% risk of failure)
Confirm with . or Enter, or press ? or * to list all spells.
You conjure some foxfire!
The foxfire hits the jackal.
The jackal is moderately wounded.
The foxfire hits the jackal.
The jackal is heavily wounded.
The jackal bites you.
* * * LOW HITPOINT WARNING * * *
The rat closely misses you. The hobgoblin misses you.
Casting: Foxfire (safe; 13% risk of failure)
Confirm with . or Enter, or press ? or * to list all spells.
You don't have enough magic to cast this spell.
Casting: Foxfire (safe; 13% risk of failure)
Confirm with . or Enter, or press ? or * to list all spells.
You don't have enough magic to cast this spell.
The foxfire hits the rat.
You kill the rat!
The jackal bites you but does no damage.
The hobgoblin attacks as it pursues you!
The hobgoblin closely misses you.
Your magical contamination has completely faded away.
Unknown command.
You miss the jackal.
The jackal is heavily wounded.
The jackal barely misses you.
The hobgoblin attacks as it pursues you!
The hobgoblin barely misses you. The jackal barely misses you.
You scratch the hobgoblin.
The hobgoblin is almost dead.
The hobgoblin hits you but does no damage.
You barely miss the hobgoblin.
The hobgoblin is almost dead.
The jackal bites you.
* * * LOW HITPOINT WARNING * * *
The hobgoblin misses you. The jackal closely misses you.
You barely miss the hobgoblin.
The hobgoblin is almost dead.
The hobgoblin misses you. The jackal closely misses you.
You barely miss the hobgoblin.
The hobgoblin is almost dead.
The jackal barely misses you. The hobgoblin closely misses you.
The jackal barely misses you.
You scratch the hobgoblin.
You kill the hobgoblin!
The jackal bites you.
You die...

#..... #..... ###
#..... ####..##
#..... ......#
....###.....#
.........#
##########†##h...#
..............@#
.######......##..#
......#.###..# ###
#.....#......#
#.#h....#..#...
+.......#.......
##..h##.#.##.....
#... #)#. #.....
...> #.# .


You could see a jackal.

Vanquished Creatures
  A goblin (D:1)
  A hobgoblin (D:1)
  A rat (D:1)
3 creatures vanquished.

Vanquished Creatures (others)
  3 foxfires (D:1)
3 creatures vanquished.

Grand Total: 6 creatures vanquished

Notes
Turn   | Place    | Note
-------+----------+-------------------------------------------
     0 | D:1      | Flugkiller the Ghoul Fire Elementalist began the quest for
                  | the Orb.
     0 | D:1      | Reached XP level 1. HP: 14/14 MP: 3/3
     5 | D:1      | Noticed a black mamba
    41 | D:1      | Slain by a jackal

Illustrated notes

Levels and vault maps discovered:
D:1:      sevenhm_arrival_forest_fort_small_2, layout_basic, corner_web_ring,
          chequers_decorated_corner, nicolae_houndstooth_variations

Action                     || total
---------------------------++-------
  Melee: Unarmed           ||     8
   Cast: Foxfire           ||     2
 Armour: Robe              ||    11
  Dodge: Dodged            ||    20
